 Dungeon Crawl Stone Soup version 0.31.0-11-ge490571c62 (webtiles) character file.

Game seed: 4430968721266190386

60 legrandkwe the Chopper (level 3, -3/33 HPs)
             Began as a Minotaur Berserker on Jan 30, 2024.
             Was a Believer of Trog.
             Slain by a gnoll
             ... wielding a +0 spear
              (4 damage)
             ... on level 2 of the Dungeon.
             The game lasted 00:03:59 (1378 turns).

legrandkwe the Chopper (Minotaur Berserker)         Turns: 1378, Time: 00:03:59

Health: -3/33      AC:  2    Str: 20    XL:     3   Next: 82%
Magic:  2/2        EV: 12    Int:  4    God:    Trog [**....]
Gold:   131        SH:  0    Dex:  9    Spells: 2/2 levels left

rFire   + + +        l - +0 long sword of Fewedip {flame, *Slow rPois rF+++ Str-3}
rCold   . . .        (no shield)
rNeg    . . .        b - +0 animal skin
rPois   +            (helmet restricted)
rElec   .            (no cloak)
rCorr   .            (no gloves)
SInv    .            (no boots)
Will    .....        (no amulet)
Stlth   +            (no ring)
HPRegen 0.25/turn    (no ring)
MPRegen 0.08/turn

%: slow self (1%)
@: no status effects
A: horns 2, retaliatory headbutt
a: Renounce Religion, Berserk, Trog's Hand


You were on level 2 of the Dungeon.
You worshipped Trog.
Trog was pleased with you.
You visited 1 branch of the dungeon, and saw 2 of its levels.

You collected 131 gold pieces.

Inventory:

Hand Weapons
 a - a +0 hand axe
 l - the +0 long sword of Fewedip (weapon) {flame, *Slow rPois rF+++ Str-3}
   (You found it on level 2 of the Dungeon)

   Str-3:     It affects your strength (-3).
   rF+++:     It renders you almost immune to fire.
   rPois:     It protects you from poison *Slow: It may slow you when you take
   damage.
Armour
 b - a +0 animal skin (worn)
Magical Staves
 c - a staff of conjuration
Jewellery
 j - an amulet of the acrobat
Scrolls
 d - 2 scrolls of identify {unknown}
 g - a scroll of noise {unknown}
 h - 2 scrolls of revelation {unknown}
 k - a scroll of acquirement {unknown}
Potions
 e - a potion of attraction {unknown}
 f - a potion of degeneration {unknown}
 i - a potion of heal wounds {unknown}


   Skills:
 + Level 4.0 Fighting
 + Level 5.0 Axes
 + Level 2.8 Armour
 + Level 2.5 Dodging


You had 2 spell levels left.
You didn't know any spells.
Your spell library was empty.

Dungeon Overview and Level Annotations

Branches:
Dungeon (2/15)

Altars:


Innate Abilities, Weirdness & Mutations

You have a pair of horns on your head.
You reflexively headbutt those who attack you in melee.


Message History

a +0 dagger; an adder corpse; a goblin corpse
Found a stone staircase leading up.
Things that are here:
a +0 short sword; a kobold skeleton
Things that are here:
a +0 short sword; a kobold skeleton
Found a faded altar of an unknown god.
There is a faded altar of an unknown god here.
Found a stone staircase leading down.
You now have 131 gold pieces (gained 4).
A rat comes into view.
A rat is nearby!
Found a scroll labelled SIEWNA TIDID.
You hit the rat. You burn the rat.
You kill the rat!
Trog accepts your kill.
No target in view!
You see here a rat corpse.
d - 2 scrolls labelled SIEWNA TIDID (gained 1)
There is a stone staircase leading down here.
Found a spear.
A gnoll comes into view. It is wielding a +0 spear.
A gnoll comes into view.
It is wielding a +0 whip and quivering a throwing net.
The gnoll shouts!
A gnoll comes into view. It is wielding a +0 halberd.
A dart slug comes into view.
The gnoll shouts!
You hear a shout!
You hit the gnoll but do no damage. You headbutt the gnoll!
The gnoll is severely wounded.
A gnoll comes into view. It is wielding a +0 club.
The gnoll hits you from afar with a +0 spear.
You hit the gnoll but do no damage. Your headbutt misses the gnoll.
The gnoll is severely wounded.
The gnoll hits you from afar with a +0 halberd!
The gnoll hits you from afar with a +0 spear.
The gnoll hits you with a +0 whip. x2
The gnoll hits you from afar with a +0 halberd!
* * * LOW HITPOINT WARNING * * *
The gnoll hits you from afar with a +0 spear.
You die...

.##.##.###
#.P.....P..#
..###..#
............#
......##
###.......#.#
...>###
#######...#
#..## #...###
..## #.###
.##
#########.#
##
..........# #
..g....@..# #
.....g.g..# #
.....g....#
....w.....+
..........#
...........
.###########


You could see 4 gnolls and a dart slug.

Vanquished Creatures
  2 adders (D:2)
  A dart slug (D:2)
  A ribbon worm (D:2)
  2 bats (D:1)
  3 endoplasms
  A giant cockroach (D:1)
  10 goblins
  4 hobgoblins
  4 kobolds
  A quokka (D:2)
  2 ball pythons (D:1)
  A rat (D:2)
32 creatures vanquished.

Notes
Turn   | Place    | Note
-------+----------+-------------------------------------------
     0 | D:1      | legrandkwe the Minotaur Berserker began the quest for the
                  | Orb.
     0 | D:1      | Reached XP level 1. HP: 19/19 MP: 0/0
   475 | D:1      | Reached XP level 2. HP: 15/27 MP: 1/1
   477 | D:1      | Reached skill level 4 in Axes
  1013 | D:2      | Reached XP level 3. HP: 29/33 MP: 2/2
  1020 | D:2      | Reached ** piety under Trog
  1115 | D:2      | Identified the +0 long sword of Fewedip {flame, *Slow rPois
                  | rF+++ Str-3}
  1166 | D:2      | Reached skill level 5 in Axes
  1240 | D:2      | Found a faded altar of an unknown god.
  1378 | D:2      | HP: 1/33 [gnoll/+0 halberd (13)]
  1378 | D:2      | Slain by a gnoll

Illustrated notes

Levels and vault maps discovered:
D:1:      scummos_arrival_simple_fountains, layout_basic,
          minmay_misc_feat_four_crosses, nicolae_kite_square_tiling_tiny,
          minmay_fountain_box, minmay_misc_feat_secret_circle,
          dreamdust_wishing_well, glass_columns_a,
          chequers_serial_rivers_small_3, interstate_on_off,
          chequers_serial_rivers_marsh
D:2:      cheibrodos_greedy_goblins, layout_basic,
          ebering_ecumenical_altar_hall, nicolae_grassy_gnolls

Skill      XL: |  1  2  3 |
---------------+----------+-----
Axes           | 4 5 |  5.0
Fighting       | 4 |  4.0
Armour         | |  2.8
Dodging        | |  2.5

Action                     || total
---------------------------++-------
  Melee: Hand axe          ||    58
         Headbutt          ||     6
         Long sword        ||    14
 Armour: Animal skin       ||    41
  Dodge: Dodged            ||    34
